PL
RICHARDSON CITY THUNDERCATS @ BOSTON PATRIOTS
08/10/2027
 
TOP OF THE 1ST
Richardson City Thundercats batting - Pitching for Boston Patriots : RHP Tom Reynolds
Pitching: RHP Tom Reynolds
Batting: RHB Chriss Mann 0-0: Ball
1-0: SINGLE (Groundball, 5S) (infield hit)
Batting: LHB Eduardo Álvarez 0-0: Ball
1-0: Ball
2-0: Ground out 4-3 (Groundball, 4S)
Chriss Mann to second
Batting: LHB Fernando Ramírez 0-0: Swinging Strike
0-1: Ball
1-1: Ball
2-1: Ball
3-1: Foul Ball, location: 2F
3-2: Fly out, F7 (Flyball, 7LSF)
Batting: RHB Tomás Martínez 0-0: SINGLE (Groundball, 56D)
Chriss Mann to third
Runner from 3rd tries for Home, SAFE, no throw
Batting: LHB Carroll Martin 0-0: Called Strike
0-1: Ball
1-1: Ball
2-1: Fielders Choice at 2nd, 4-6 (Groundball, 4)
Top of the 1st over - 1 run(s), 2 hit(s), 0 error(s), 0 left on base; Richardson City 1 - Boston 0
BOTTOM OF THE 1ST
Boston Patriots batting - Pitching for Richardson City Thundercats : RHP Josef van der Poel
Pitching: RHP Josef van der Poel
Batting: LHB Alberto Enríquez 0-0: Ball
1-0: Foul Ball, location: 2F
1-1: Ball
2-1: Ground out 4-3 (Groundball, 4)
Batting: LHB Ramón Félix 0-0: Called Strike
0-1: Ball
1-1: Foul Ball, location: 2F
1-2: SINGLE (Groundball, 34D)
Batting: RHB Terry Armstrong 0-0: Ball
1-0: Foul Ball, location: 2F
1-1: Fielders Choice at 2nd, 1-6 (Groundball, P)
Batting: RHB Tommy Jones 0-0: Ball
1-0: Foul Ball, location: 2F
1-1: Ball
2-1: SINGLE (Groundball, 6D)
Terry Armstrong to second
Batting: RHB Tamasaburo Kato 0-0: Ball
1-0: Swinging Strike
1-1: Ball
2-1: Called Strike
2-2: Foul Ball, location: 2F
2-2: Ball
3-2: Base on Balls
Terry Armstrong to third
Tommy Jones to second
Batting: LHB Jorge Alejándrez 0-0: Ball
1-0: Called Strike
1-1: Called Strike
1-2: Foul Ball, location: 2F
1-2: Strikes out looking
Bottom of the 1st over - 0 run(s), 2 hit(s), 0 error(s), 3 left on base; Richardson City 1 - Boston 0
TOP OF THE 2ND
Richardson City Thundercats batting - Pitching for Boston Patriots : RHP Tom Reynolds
Batting: RHB Juan Cabrera 0-0: Ball
1-0: Swinging Strike
1-1: Fly out, F2 (Popup, 3S)
Batting: LHB Terrence Eler 0-0: Ball
1-0: Called Strike
1-1: Foul Ball, location: 2F
1-2: Strikes out swinging
Batting: RHB Alden Wiley 0-0: SINGLE (Groundball, 56D)
Batting: RHB Javier Rivera 0-0: Fly out, F9 (Line Drive, 89M)
Top of the 2nd over - 0 run(s), 1 hit(s), 0 error(s), 1 left on base; Richardson City 1 - Boston 0
BOTTOM OF THE 2ND
Boston Patriots batting - Pitching for Richardson City Thundercats : RHP Josef van der Poel
Batting: LHB Bill Chambers 0-0: Ball
1-0: Called Strike
1-1: Ball
2-1: SINGLE (Line Drive, 89S)
Batting: RHB Joseph Papasogli 0-0: Ball
1-0: Called Strike
1-1: Ball
2-1: Foul Ball, location: 2F
2-2: Grounds into double play, 6-4-3 (Groundball, 6)
Batting: RHB Vincente Flores 0-0: Called Strike
0-1: Foul Ball, location: 2F
0-2: Foul Ball, location: 2F
0-2: Ball
1-2: Ball
2-2: Ball
3-2: DOUBLE (Line Drive, 8LXD)
Batting: LHB Alberto Enríquez 0-0: Foul Ball, location: 2F
0-1: Foul Ball, location: 2F
0-2: Ball
1-2: Fly out, F8 (Flyball, 8RS)
Bottom of the 2nd over - 0 run(s), 2 hit(s), 0 error(s), 1 left on base; Richardson City 1 - Boston 0
TOP OF THE 3RD
Richardson City Thundercats batting - Pitching for Boston Patriots : RHP Tom Reynolds
Batting: RHB Chriss Mann 0-0: Foul Ball, location: 2F
0-1: Ball
1-1: Foul Ball, location: 2F
1-2: Foul Ball, location: 2F
1-2: Hit by Pitch
Batting: LHB Eduardo Álvarez 0-0: Ball
1-0: Called Strike
1-1: Ball
2-1: Foul Ball, location: 2F
2-2: Ball
3-2: Base on Balls
Chriss Mann to second
Batting: LHB Fernando Ramírez 0-0: SINGLE (Line Drive, 56D)
Chriss Mann to third
Eduardo Álvarez to second
Runner from 3rd tries for Home, SAFE, no throw
Batting: RHB Tomás Martínez 0-0: Foul Ball, location: 2F
0-1: Ball
1-1: Foul Ball, location: 2F
1-2: Foul Ball, location: 2F
1-2: Ball
2-2: Foul Ball, location: 2F
2-2: Ball
3-2: Strikes out swinging
Batting: LHB Carroll Martin 0-0: Ball
1-0: Called Strike
1-1: Swinging Strike
1-2: Ball
2-2: Grounds into double play, 4-6-3 (Groundball, 34)
Top of the 3rd over - 1 run(s), 1 hit(s), 0 error(s), 1 left on base; Richardson City 2 - Boston 0
BOTTOM OF THE 3RD
Boston Patriots batting - Pitching for Richardson City Thundercats : RHP Josef van der Poel
Batting: LHB Ramón Félix 0-0: SINGLE (Groundball, 34D)
Batting: RHB Terry Armstrong 0-0: Ball
1-0: Swinging Strike
1-1: Swinging Strike
1-2: Foul Ball, location: 2F
1-2: Fly out, F8 (Line Drive, 8LS)
Batting: RHB Tommy Jones 0-0: Called Strike
0-1: Foul Ball, location: 2F
0-2: Foul Ball, location: 2F
0-2: Ball
1-2: Ball
2-2: Grounds into double play, 1-6-3 (Groundball, P)
Bottom of the 3rd over - 0 run(s), 1 hit(s), 0 error(s), 0 left on base; Richardson City 2 - Boston 0
TOP OF THE 4TH
Richardson City Thundercats batting - Pitching for Boston Patriots : RHP Tom Reynolds
Batting: RHB Juan Cabrera 0-0: Called Strike
0-1: Foul Ball, location: 2F
0-2: Ball
1-2: Ball
2-2: Ground out 4-3 (Groundball, 4M)
Batting: LHB Terrence Eler 0-0: Called Strike
0-1: Ball
1-1: Fly out, F8 (Line Drive, 8RD)
Batting: RHB Alden Wiley 0-0: Called Strike
0-1: Swinging Strike
0-2: Ball
1-2: Ball
2-2: Fly out, F9 (Flyball, 89S)
Top of the 4th over - 0 run(s), 0 hit(s), 0 error(s), 0 left on base; Richardson City 2 - Boston 0
BOTTOM OF THE 4TH
Boston Patriots batting - Pitching for Richardson City Thundercats : RHP Josef van der Poel
Batting: RHB Tamasaburo Kato 0-0: Foul Ball, location: 2F
0-1: Called Strike
0-2: Ball
1-2: Foul Ball, location: 2F
1-2: Foul Ball, location: 2F
1-2: Foul Ball, location: 2F
1-2: Ball
2-2: Fly out, F9 (Flyball, 9S)
Batting: LHB Jorge Alejándrez 0-0: Ball
1-0: Ball
2-0: Ground out 6-3 (Groundball, 6)
Batting: LHB Bill Chambers 0-0: Ball
1-0: Ball
2-0: Swinging Strike
2-1: Fly out, F3 (Line Drive, 3)
Bottom of the 4th over - 0 run(s), 0 hit(s), 0 error(s), 0 left on base; Richardson City 2 - Boston 0
TOP OF THE 5TH
Richardson City Thundercats batting - Pitching for Boston Patriots : RHP Tom Reynolds
Batting: RHB Javier Rivera 0-0: Foul Ball, location: 2F
0-1: Foul Ball, location: 2F
0-2: Ball
1-2: Foul Ball, location: 2F
1-2: Strikes out swinging
Batting: RHB Chriss Mann 0-0: Ball
1-0: Ball
2-0: Called Strike
2-1: Ball
3-1: Base on Balls
Batting: LHB Eduardo Álvarez 0-0: Ball
1-0: Foul Ball, location: 2F
1-1: Fly out, F5 (Popup, 5L)
Batting: LHB Fernando Ramírez 0-0: Called Strike
0-1: Ball
1-1: Swinging Strike
1-2: Foul Ball, location: 2F
1-2: Foul Ball, location: 2F
Pickoff Throw to First - Error! E1
Chriss Mann to second
1-2: Strikes out looking
Top of the 5th over - 0 run(s), 0 hit(s), 1 error(s), 1 left on base; Richardson City 2 - Boston 0
BOTTOM OF THE 5TH
Boston Patriots batting - Pitching for Richardson City Thundercats : RHP Josef van der Poel
Batting: RHB Joseph Papasogli 0-0: Ball
1-0: Called Strike
1-1: Ground out 6-3 (Groundball, 6S)
Batting: RHB Vincente Flores 0-0: Fly out, F9 (Flyball, 89M)
Batting: LHB Alberto Enríquez 0-0: Ball
1-0: Foul Ball, location: 2F
1-1: Called Strike
1-2: Foul Ball, location: 2F
1-2: Ball
2-2: Fly out, F7 (Flyball, 7S)
Bottom of the 5th over - 0 run(s), 0 hit(s), 0 error(s), 0 left on base; Richardson City 2 - Boston 0
TOP OF THE 6TH
Richardson City Thundercats batting - Pitching for Boston Patriots : RHP Tom Reynolds
Batting: RHB Tomás Martínez 0-0: Ball
1-0: Ball
2-0: Ball
3-0: Base on Balls
Batting: LHB Carroll Martin 0-0: SINGLE (Groundball, 6) (infield hit)
Tomás Martínez to second
Batting: RHB Juan Cabrera 0-0: Called Strike
0-1: Foul Ball, location: 2F
0-2: Strikes out swinging
Batting: LHB Terrence Eler 0-0: Ball
Wild Pitch!
Tomás Martínez to third
Carroll Martin to second
1-0: Intentional Walk
Batting: RHB Alden Wiley 0-0: Foul Ball, location: 2F
0-1: Ball
1-1: Foul Ball, location: 2F
1-2: Foul Ball, location: 2F
1-2: Foul Ball, location: 2F
1-2: Ball
2-2: Strikes out swinging
Batting: RHB Javier Rivera 0-0: Swinging Strike
0-1: Foul Ball, location: 2F
0-2: Strikes out swinging
Top of the 6th over - 0 run(s), 1 hit(s), 0 error(s), 3 left on base; Richardson City 2 - Boston 0
BOTTOM OF THE 6TH
Boston Patriots batting - Pitching for Richardson City Thundercats : RHP Josef van der Poel
Batting: LHB Ramón Félix 0-0: Foul Ball, location: 2F
0-1: Ball
1-1: Swinging Strike
1-2: Ball
2-2: Foul Ball, location: 2F
2-2: Foul Ball, location: 2F
2-2: DOUBLE (Groundball, 3L)
Batting: RHB Terry Armstrong 0-0: Foul Ball, location: 2F
0-1: Foul Ball, location: 2F
0-2: Foul Ball, location: 2F
0-2: Ball
1-2: Ball
2-2: Ball
Wild Pitch!
Ramón Félix to third
3-2: Foul Ball, location: 2F
3-2: Fly out, F9 (Flyball, 89S)
Batting: RHB Tommy Jones 0-0: Ball
1-0: Ball
2-0: 2-RUN HOME RUN (Flyball, 7D), Distance : 378 ft
Batting: RHB Tamasaburo Kato 0-0: Foul Ball, location: 2F
0-1: SINGLE (Groundball, 6D)
Batting: LHB Jorge Alejándrez 0-0: Fly out, F7 (Line Drive, 7)
Batting: LHB Bill Chambers 0-0: Called Strike
0-1: Ball
1-1: Foul Ball, location: 2F
1-2: Strikes out looking
Bottom of the 6th over - 2 run(s), 3 hit(s), 0 error(s), 1 left on base; Richardson City 2 - Boston 2
TOP OF THE 7TH
Richardson City Thundercats batting - Pitching for Boston Patriots : RHP Tom Reynolds
Batting: RHB Chriss Mann 0-0: Ball
1-0: Called Strike
1-1: Foul Ball, location: 2F
1-2: Foul Ball, location: 2F
1-2: Ball
2-2: Foul Ball, location: 2F
2-2: Ball
3-2: Fly out, F8 (Line Drive, 8RD)
Batting: LHB Eduardo Álvarez 0-0: Ball
1-0: Foul Ball, location: 2F
1-1: Called Strike
1-2: Ball
2-2: Foul Ball, location: 2F
2-2: Ground out 6-3 (Groundball, 6)
Batting: LHB Fernando Ramírez 0-0: Foul Ball, location: 2F
0-1: Ball
1-1: Ground out U3 (Groundball, 3)
Top of the 7th over - 0 run(s), 0 hit(s), 0 error(s), 0 left on base; Richardson City 2 - Boston 2
BOTTOM OF THE 7TH
Boston Patriots batting - Pitching for Richardson City Thundercats : RHP Josef van der Poel
Pitching: RHP Eduardo Molina
Batting: RHB Joseph Papasogli 0-0: Reached on error, E5 (Groundball, 5)
Batting: RHB Vincente Flores 0-0: Ball
1-0: Ball
2-0: Swinging Strike
2-1: Ball
3-1: Foul Ball, location: 2F
3-2: Strikes out looking
Joseph Papasogli steals 2nd base
Batter strikes out.
Batting: LHB Alberto Enríquez 0-0: Ball
1-0: Reached on error, E3 (Groundball, 3)
Joseph Papasogli to third
Batting: LHB Ramón Félix 0-0: Called Strike
0-1: Foul Ball, location: 2F
0-2: Ball
1-2: Ball
2-2: Foul Ball, location: 2F
2-2: Ball
3-2: SINGLE (Groundball, 4MD)
Joseph Papasogli scores
Alberto Enríquez to second
Batting: RHB Terry Armstrong 0-0: Ball
1-0: Ball
2-0: Ball
3-0: Called Strike
3-1: Foul Ball, location: 2F
3-2: Base on Balls
Alberto Enríquez to third
Ramón Félix to second
Batting: RHB Tommy Jones 0-0: Ball
Wild Pitch!
Alberto Enríquez scores
Ramón Félix to third
Terry Armstrong to second
1-0: Called Strike
1-1: Ball
2-1: SINGLE (Groundball, 6) (infield hit)
Ramón Félix scores
Terry Armstrong to third
Batting: RHB Tamasaburo Kato 0-0: Called Strike
0-1: Ball
1-1: Ball
2-1: SINGLE (Groundball, 6MD)
Terry Armstrong scores
Tommy Jones to second
Runner from 2nd tries for 3rd, SAFE, no throw
Pitching: RHP Emílio Zaragoza
Batting: LHB Jorge Alejándrez 0-0: Called Strike
0-1: Hit by Pitch
Tamasaburo Kato to second
Batting: LHB Bill Chambers 0-0: Ball
1-0: Foul Ball, location: 2F
1-1: Ball
2-1: Fly out, F7 (Flyball, 78D)
Runner from 3rd tags up, SCORES, no throw
Batting: RHB Joseph Papasogli 0-0: Ball
1-0: Foul Ball, location: 2F
1-1: Ball
2-1: Foul Ball, location: 2F
2-2: Foul Ball, location: 2F
2-2: Fly out, F8 (Flyball, 8LM)
Bottom of the 7th over - 5 run(s), 3 hit(s), 2 error(s), 2 left on base; Richardson City 2 - Boston 7
TOP OF THE 8TH
Richardson City Thundercats batting - Pitching for Boston Patriots : RHP Tom Reynolds
Pitching: RHP Robinson Gonzáles
Batting: RHB Tomás Martínez 0-0: Fly out, F9 (Flyball, 9LS)
Batting: LHB Carroll Martin 0-0: Ball
1-0: Called Strike
1-1: Ball
2-1: Foul Ball, location: 2F
2-2: DOUBLE (Flyball, 9)
Batting: RHB Juan Cabrera 0-0: Ball
1-0: DOUBLE (Flyball, 78M)
Carroll Martin scores
Batting: LHB Terrence Eler 0-0: Called Strike
0-1: Foul Ball, location: 2F
0-2: Strikes out swinging
Batting: RHB Alden Wiley 0-0: SINGLE (Flyball, 8LS)
Juan Cabrera to third
Runner from 3rd tries for Home, SAFE, no throw
Pitching: LHP Eugene Clarkston
Batting: RHB Javier Rivera 0-0: Foul Ball, location: 2F
0-1: Ball
1-1: Ball
2-1: Foul Ball, location: 2F
2-2: Foul Ball, location: 2F
2-2: Ball
3-2: Foul Ball, location: 2F
3-2: Base on Balls
Alden Wiley to second
Pitching: RHP Folkert van Huizen
Batting: RHB Chriss Mann 0-0: Called Strike
0-1: Ball
1-1: Foul Ball, location: 2F
1-2: Foul Ball, location: 2F
1-2: Ball
2-2: Ground out 6-3 (Groundball, 6S)
Top of the 8th over - 2 run(s), 3 hit(s), 0 error(s), 2 left on base; Richardson City 4 - Boston 7
BOTTOM OF THE 8TH
Boston Patriots batting - Pitching for Richardson City Thundercats : RHP Emílio Zaragoza
Batting: RHB Vincente Flores 0-0: Called Strike
0-1: Ball
1-1: Ball
2-1: Foul Ball, location: 2F
2-2: Ball
3-2: Foul Ball, location: 2F
3-2: Fly out, F3 (Flyball, 3D)
Batting: LHB Alberto Enríquez 0-0: Called Strike
0-1: Swinging Strike
0-2: Ball
1-2: Ball
2-2: Ball
3-2: SINGLE (Flyball, 78S)
Batting: LHB Ramón Félix 0-0: Called Strike
0-1: Ball
1-1: SINGLE (Groundball, 56D)
Alberto Enríquez to second
Batting: RHB Terry Armstrong 0-0: Foul Ball, location: 2F
0-1: Ball
1-1: DOUBLE (Line Drive, 78M)
Alberto Enríquez scores
Ramón Félix to third
Batting: RHB Tommy Jones 0-0: Ball
1-0: Fly out, F9 (Flyball, 89M)
Runner from 3rd tags up, SCORES, throw made
Pitching: LHP Manuel Franco
Batting: RHB Tamasaburo Kato 0-0: Fly out, F5 (Line Drive, 5)
Bottom of the 8th over - 2 run(s), 3 hit(s), 0 error(s), 1 left on base; Richardson City 4 - Boston 9
TOP OF THE 9TH
Richardson City Thundercats batting - Pitching for Boston Patriots : RHP Folkert van Huizen
Batting: LHB Eduardo Álvarez 0-0: Ball
1-0: Ball
2-0: Called Strike
2-1: Ball
3-1: Called Strike
3-2: Foul Ball, location: 2F
3-2: Fly out, F5 (Flyball, 56D)
Batting: LHB Fernando Ramírez 0-0: Swinging Strike
0-1: Ball
1-1: Foul Ball, location: 2F
1-2: Foul Ball, location: 2F
1-2: Foul Ball, location: 2F
1-2: Strikes out looking
Batting: RHB Tomás Martínez 0-0: Called Strike
0-1: Foul Ball, location: 2F
0-2: Strikes out swinging
Top of the 9th over - 0 run(s), 0 hit(s), 0 error(s), 0 left on base; Richardson City 4 - Boston 9
Saturday, May 26th, 2018 - OOTP Baseball 17.12 Build 75